AoeStats
← noobgamer

Arena

509359653Analyzed
4v4 RM · 6d ago on Sep 26, 2026· 21m 0s· 8 players
Game mode
Random Map
Map size
Large (8 player)
Population
200
Speed
Normal
Resources
Standard
Victory
Conquest
Starting age
Dark Age
Ending age
Imperial Age
RankedLock teamsTeams togetherTeam positionsShared explorationLock speedFull tech treeHidden civsTurbo modeCheats
Victory
Defeat
🇦🇺 Poles · Australia
1041
+13
🇦🇺 Bohemians · Australia
951
+17
🇦🇺 Teutons · Australia
935
+18
🇦🇺 Khmer · Australia
913
+19
🇧🇷 Berbers · Brazil
1028
-19
998
-18
🇨🇳 Persians · China
965
-16
🇷🇺 Khmer · Russia
913
-31
TikishTakush
11:31 Feudal Age
13:52 Loom
16:13 Castle Age
14:57 Double-Bit Axe
15:40 Horse Collar
Sarder King
9:58 Feudal Age
11:59 Loom
15:05 Castle Age
14:00 Double-Bit Axe
14:08 Stone Mining
mannamehdi
12:15 Feudal Age
13:20 Loom
13:43 Town Watch
16:12 Castle Age
15:01 Double-Bit Axe
14:59 Horse Collar
15:22 Stone Mining
16:05 Town Watch
18:42 Forging
Prince_of_Tropics
11:59 Feudal Age
16:32 Castle Age
15:11 Horse Collar
15:20 Double-Bit Axe
15:33 Stone Mining
18:39 Bow Saw
18:34 Heavy Plow
shprot
10:20 Feudal Age
17:21 Castle Age
15:55 Double-Bit Axe
19:25 Arson
Yes
9:12 Feudal Age
14:47 Castle Age
16:06 Double-Bit Axe
17:17 Horse Collar
noobgamer
0:28 Loom
10:29 Feudal Age
11:05 Double-Bit Axe
13:07 Horse Collar
18:34 Castle Age
18:06 Stone Mining
20:25 Bow Saw
瘦死的骆驼比马大
11:36 Feudal Age
15:11 Castle Age
13:42 Double-Bit Axe
13:38 Horse Collar
16:34 Bow Saw
16:25 Heavy Plow
Connection lost

Rejoining the realm…

Still unreachable

The connection could not be restored.

Session expired

The server has moved on; the page needs a fresh start.